cohdb
Replays
Latest Replays
All Replays
Popular Replays
Top Player Replays
Match Explorer
How It Works
Community
CoH3 Stats
Reddit
Sign in to upload your games and track your stats! →
Sign in with Steam
Match 45235942
Unlisted
Match 45235942
Overview
Messages
Build Orders
End
Engineer Squad
Construct Barracks
Selects Armored Battlegroup
Selects Veteran Crews
1⁄4-ton 4x4 Truck
Riflemen Squad
Riflemen Squad
Grenade Package
Infantry Support Center
Riflemen Squad
Construct Medical Station
M1918 Browning Automatic Rifles
Advanced Logistics
Selects Fast Deploy
Construct Motor Pool
Selects M8 Scott SPG
M8 Scott SPG
Captain Retinue
Riflemen Squad
M1 Anti-tank Gun Team
Selects M31 Recovery Vehicle
Construct Tank Depot
Selects War Machine
Selects UNKNOWN (2160077)
M4A3E8 Sherman Easy Eight
Riflemen Squad
M31 Recovery Vehicle
M4A3E8 Sherman Easy Eight
Survival Training
M4A3E8 Sherman Easy Eight
Riflemen Squad
Riflemen Squad
M4A3E8 Sherman Easy Eight
Riflemen Squad
M4A3E8 Sherman Easy Eight
Scout Squad
anioki
Evil
Sky Blues
愛宕私の妻です
Kim Jong-un
TiGER01
0
0
Comments
sign in to comment!
No comments posted yet!